 Dungeon Crawl Stone Soup version 0.30.1-11-g7821555f0a (webtiles) character file.

Game seed: 14683303928173503378

3204 porpoise the Firebug (level 9, -4/74 HPs)
             Began as a White Draconian Fire Elementalist on Dec 3, 2023.
             Was a Priest of Vehumet.
             Slain by Joseph
             ... wielding a +0 quarterstaff
              (18 damage)
             ... on level 7 of the Dungeon.
             The game lasted 00:40:35 (8921 turns).

porpoise the Firebug (DrFE)                         Turns: 8921, Time: 00:40:36

Health: -4/74      AC:  8    Str: 11    XL:     9   Next: 65%
Magic:  1/16       EV: 12    Int: 20    God:    Vehumet [***...]
Gold:   390        SH:  0    Dex: 11    Spells: 3/18 levels left

rFire   . . .        a - +1 dagger (venom)
rCold   + . .        (no shield)
rNeg    . . .        (body armour unavailable)
rPois   .            (helmet restricted)
rElec   .            (no cloak)
rCorr   +            A - +0 pair of gloves
SInv    .            (no boots)
Will    .....        q - amulet of the acrobat
Stlth   ++           d - ring of resist corrosion
HPRegen 0.32/turn    (no ring)
MPRegen 0.15/turn

%: acrobat
@: no status effects
A: breathe frost, AC +7, unfitting armour, cold resistance 1, cold-blooded
a: Breathe Frost, Renounce Religion


You were on level 7 of the Dungeon.
You worshipped Vehumet.
Vehumet was most pleased with you.
You visited 2 branches of the dungeon, and saw 8 of its levels.
You also visited: Sewer.

You collected 390 gold pieces.

Inventory:

Hand Weapons
 a - a +1 dagger of venom (weapon)
 b - a +3 flail of holy wrath
 v - a +0 short sword of venom
Missiles
 n - 3 throwing nets
 s - 5 boomerangs
 t - 12 poisoned darts
 z - 5 silver boomerangs
Armour
 j - an orb of light
 A - a +0 pair of gloves (worn)
Jewellery
 d - a ring of resist corrosion (left hand)
 q - an amulet of the acrobat (around neck)
Wands
 k - a wand of polymorph (15)
 u - a wand of quicksilver (9)
 x - a wand of mindburst (19)
 y - a wand of flame (9)
Scrolls
 m - 2 scrolls of enchant armour
 r - 3 scrolls of teleportation
Potions
 c - 3 potions of brilliance
 e - a potion of heal wounds {unknown}
 f - a potion of magic
 g - 4 potions of curing
 h - 2 potions of ambrosia {unknown}
 i - 4 potions of lignification
 l - 4 potions of cancellation {unknown}
 o - a potion of might {unknown}
 p - a potion of invisibility {unknown}
 w - a potion of flight {unknown}


   Skills:
 - Level 5.0 Fighting
 + Level 2.9 Dodging
 - Level 1.7 Stealth
 - Level 5.0 Spellcasting
 + Level 6.7 Conjurations
 - Level 5.0 Translocations
 + Level 6.9 Fire Magic


You had 3 spell levels left.
You knew the following spells:

 Your Spells              Type           Power      Damage    Failure   Level
a - Foxfire               Conj/Fire      100%       2x1d9     1%          1
b - Searing Ray           Conj           62%        2d6       1%          2
c - Scorch                Fire           64%        2d8       1%          2
s - Stone Arrow           Conj/Erth      36%        3d9       2%          3
v - Volatile Blastmotes   Fire/Tloc      56%        2d14      1%          3
w - Flame Wave            Conj/Fire      32%        2d9       1%          4

Your spell library contained the following spells:

 Spells                   Type           Power      Damage    Failure   Level
 Magic Dart               Conj           100%       1d8       1%          1
 Lesser Beckoning         Tloc           50%        N/A       2%          2
 Inner Flame              Hex/Fire       18%        N/A       2%          3
 Gell's Gravitas          Tloc           25%        N/A       4%          3
 Mephitic Cloud           Conj/Pois/Air  13%        N/A       4%          3
 Teleport Other           Tloc           25%        N/A       4%          3
 Summon Small Mammal      Summ           20%        N/A       12%         1
 Call Imp                 Summ           10%        N/A       17%         2
 Call Canine Familiar     Summ           5%         N/A       34%         3
 Summon Guardian Golem    Hex/Summ       5%         N/A       34%         3


Dungeon Overview and Level Annotations

Branches:
Dungeon (7/15)             Temple (1/1) D:4           Sewer (visited)

Altars:
Ashenzari
Cheibriados
Dithmenos
Elyvilon
Fedhas
Gozag
Hepliaklqana
Kikubaaqudgha
Nemelex Xobeh
Qazlal
Ru
Sif Muna
Trog
Uskayaw
Vehumet
Wu Jian
Xom
Yredelemnul
Zin
The Shining One

Annotations:
D:3 4 runed translucent doors, Jingleheimer's ghost, amateur OpTm; turdburglar's ghost, amateur HOFi
D:7 Joseph


Innate Abilities, Weirdness & Mutations

You can breathe waves of freezing cold which knock back foes.
Your icy white scales are hard. (AC +7)
You cannot fit into any form of body armour.
Your flesh is cold resistant. (rC+)
You are cold-blooded and may be slowed by cold attacks.


Message History

Joseph hits you with a +0 quarterstaff!
Casting: Searing Ray (safe; 1% risk of failure)
Confirm with . or Enter, or press ? or * to list all spells.
Aiming: Searing Ray (safe; 1% risk of failure)
Press: ? - help, Shift-Dir - straight line, f/p - Joseph
Aim: Joseph, wielding a +0 quarterstaff and wearing a +0 ring mail (heavily wounded, 82% to hit)
The searing ray hits Joseph but does no damage.
Joseph is heavily wounded. (Press . to maintain the ray.) Joseph drinks a potion.
Joseph is healed!
The searing ray hits Joseph.
Joseph is heavily wounded.
Joseph completely misses you.
You hit Joseph but do no damage.
Joseph is poisoned.
Your tail-slap misses Joseph.
Joseph is heavily wounded.
Joseph barely misses you.
You hit Joseph but do no damage.
Joseph looks as sick as possible!
Joseph is heavily wounded.
Joseph completely misses you.
You hit Joseph but do no damage. You tail-slap Joseph.
Joseph is heavily wounded.
Joseph hits you with a +0 quarterstaff!
You hit Joseph but do no damage.
Joseph is severely wounded.
Joseph hits you with a +0 quarterstaff.
You closely miss Joseph. You tail-slap Joseph, but do no damage.
Joseph is severely wounded.
Joseph hits you with a +0 quarterstaff.
You barely miss Joseph.
Joseph is severely wounded.
Joseph hits you with a +0 quarterstaff.
You closely miss Joseph.
Joseph is severely wounded.
Joseph hits you with a +0 quarterstaff!
* * * LOW HITPOINT WARNING * * *
You hit Joseph but do no damage.
Joseph is severely wounded.
Joseph hits you with a +0 quarterstaff!!
You die...

. ############ ♣_ ##
#....##....# @). #.#
#....##.##.# ...##.##
#....#..#..#
(......#####......##.##
#...†.@@.....###.#####
##.#####.............#
#.#####.............#
###y..................#
#.......#.............#
#...................(.#
.....##.....#.#.......<..#
.#####...................#
#....................#


You could see Joseph (very poisoned).

Vanquished Creatures
  Pikel (D:6)
  Grinder (D:5)
  Sigmund (D:2)
  The ghost of ritesign the Trooper, an amateur HuMo of Uskayaw (D:4)
  A water moccasin (D:5)
  A sky beast (D:6)
  An ice beast (D:6)
  An ogre (D:5)
  4 lemures (D:6)
  A phantom (D:5)
  A centaur (D:5)
  3 bullfrogs
  3 scorpions
  A gnoll sergeant (D:6)
  5 wights (D:6)
  5 killer bees (D:7)
  2 howler monkeys
  3 hounds
  4 orc priests
  Terence (D:2)
  4 orc wizards
  A howler monkey zombie (D:3)
  12 gnolls
  13 adders
  A shadow imp (D:7)
  3 ufetubi
  4 worms
  4 dart slugs
  15 orcs
  15 endoplasms
  8 giant cockroaches
  4 goblins
  3 hobgoblins
  8 jackals
  18 quokkas
  11 ball pythons
  5 bats
  13 frilled lizards
  A goblin zombie (D:5)
  8 kobolds
  2 quokka zombies
  4 rats
198 creatures vanquished.

Vanquished Creatures (collateral kills)
  2 foxfires (D:3)
2 creatures vanquished.

Vanquished Creatures (others)
  374 foxfires
374 creatures vanquished.

Grand Total: 574 creatures vanquished

Notes
Turn   | Place    | Note
-------+----------+-------------------------------------------
     0 | D:1      | porpoise the Draconian Fire Elementalist began the quest
                  | for the Orb.
     0 | D:1      | Reached XP level 1. HP: 14/14 MP: 3/3
   342 | D:1      | Reached XP level 2. HP: 20/20 MP: 3/5
   366 | D:1      | Learned a level 2 spell: Scorch
   989 | D:2      | Noticed Sigmund
  1091 | D:2      | Reached XP level 3. HP: 24/26 MP: 4/6
  1112 | D:2      | Learned a level 3 spell: Volatile Blastmotes
  1386 | D:2      | Noticed Terence
  1395 | D:2      | Killed Terence
  1506 | D:2      | Found a faded altar of an unknown god.
  1596 | D:2      | Reached XP level 4. HP: 33/33 MP: 6/8
  1843 | D:2      | Killed Sigmund
  1844 | D:2      | Reached XP level 5. HP: 38/38 MP: 1/10
  2506 | D:3      | Reached XP level 6. HP: 34/45 MP: 5/11
  2512 | D:3      | Reached skill level 1 in Translocations
  3015 | D:3      | Identified the +6 chain mail of Holoehiceu {Will+ Dex+3}
  3137 | D:3      | Found a runed translucent gate.
  3137 | D:3      | Found a runed translucent gate.
  3137 | D:3      | Found a runed translucent gate.
  3137 | D:3      | Noticed turdburglar's ghost (amateur HOFi)
  3139 | D:3      | Found a basalt altar of Yredelemnul.
  3341 | D:3      | Learned a level 4 spell: Flame Wave
  3512 | D:3      | Found a runed translucent door.
  3514 | D:3      | Noticed Jingleheimer's ghost (amateur OpTm)
  3883 | D:4      | Found a staircase to the Ecumenical Temple.
  3951 | Temple   | Entered the Ecumenical Temple
  3951 | Temple   | Noticed a hellwing
  3952 | Temple   | Noticed a reaper
  3952 | Temple   | Noticed Rexothua the pandemonium lord
  3952 | Temple   | Noticed Vuno the pandemonium lord
  3953 | Temple   | Noticed a Tzitzimitl
  3980 | Temple   | Noticed a Hell Sentinel
  3981 | Temple   | Noticed Waef the pandemonium lord
  3981 | Temple   | Noticed a soul eater
  3997 | Temple   | Noticed Dizxyi the pandemonium lord
  3998 | Temple   | Noticed an ice devil
  4008 | Temple   | Noticed a Tzitzimitl
  4009 | Temple   | Noticed Votol Ziw the pandemonium lord
  4009 | Temple   | Noticed an Executioner
  4029 | Temple   | Noticed a ynoxinul
  4029 | Temple   | Noticed Ypped the pandemonium lord
  4029 | Temple   | Noticed a ynoxinul
  4030 | Temple   | Noticed a rust devil
  4064 | Temple   | Became a worshipper of Vehumet
  4219 | D:4      | Reached skill level 5 in Fire Magic
  4219 | D:4      | Your scales start taking on an icy white colour.
  4219 | D:4      | Reached XP level 7. HP: 44/50 MP: 2/13
  4219 | D:4      | Gained mutation: Your flesh is cold resistant. (rC+) [White
                  | Draconian growth]
  4358 | D:4      | Found a runed translucent door.
  4358 | D:4      | Noticed ritesign's ghost (amateur HuMo)
  4684 | D:4      | Found a sparkling altar of Nemelex Xobeh.
  4850 | D:4      | Killed ritesign's ghost
  4930 | D:5      | Entered Level 5 of the Dungeon
  5043 | D:5      | Found an opulent altar of Gozag.
  5045 | D:5      | Found a shadowy altar of Dithmenos.
  5069 | D:5      | Found a glowing drain.
  5074 | Sewer    | Entered a sewer
  5214 | Sewer    | Reached * piety under Vehumet
  5214 | Sewer    | Offered knowledge of Kiss of Death by Vehumet.
  5530 | Sewer    | Offered knowledge of Searing Ray by Vehumet.
  5531 | Sewer    | Reached ** piety under Vehumet
  5565 | Sewer    | Learned a level 2 spell: Searing Ray
  5582 | Sewer    | Reached skill level 5 in Spellcasting
  5684 | D:5      | Reached XP level 8. HP: 13/57 MP: 9/15
  5862 | D:5      | Reached skill level 5 in Translocations
  5891 | D:5      | Reached skill level 1 in Fighting
  5891 | D:5      | Reached skill level 5 in Fire Magic
  6778 | D:5      | Noticed Grinder
  6807 | D:5      | Paralysed by Grinder for 2 turns
  6813 | D:5      | Killed Grinder
  7027 | D:6      | Offered knowledge of Stone Arrow by Vehumet.
  7351 | D:6      | Noticed Pikel
  7429 | D:6      | Killed Pikel
  7430 | D:6      | Reached skill level 5 in Conjurations
  7430 | D:6      | Reached XP level 9. HP: 51/72 MP: 0/16
  7537 | D:6      | Learned a level 3 spell: Stone Arrow
  7905 | D:6      | Reached skill level 5 in Fighting
  8020 | D:6      | Reached *** piety under Vehumet
  8894 | D:7      | Found an ornate altar of the Wu Jian Council.
  8894 | D:7      | Noticed Joseph
  8921 | D:7      | Slain by Joseph

Illustrated notes

Levels and vault maps discovered:
D:1:      lemuel_arrival_cross, layout_basic
D:2:      layout_loops_corners, hellmonk_ecumenical_altar_defaced_shrine,
          uniq_sigmund, uniq_terence
D:3:      layout_loops_cross, nicolae_yredelemnul_ghost_church,
          ebering_ghost_inner_flame, minmay_hedge_maze
D:4:      layout_loops_ring, nemelex_spade_bored_becter, temple_fountains,
          gammafunk_ghost_grave, nrook_campfire
D:5:      layout_loops_ring, nicolae_overflow_hidden_temple,
          portal_sewer_entry_e, enter_ossuary_4, uniq_grinder
D:6:      wander_river, layout_basic, uniq_pikel
D:7:      layout_rooms, nzn_wu_jian_contemplation, minmay_tree_intersection,
          grunt_decor_arrowhead, uniq_joseph
Temple:   nicolae_temple_panitentiary

Skill      XL: |  1  2  3  4  5  6  7  8  9 |
---------------+----------------------------+-----
Conjurations   | 2 3 5 6 |  6.7
Spellcasting   | 3 4 5 |  5.0
Fire Magic     | 4 4 6 |  6.9
Translocations | 3 4 5 |  5.0
Fighting       | 4 5 |  5.0
Dodging        | 2 |  2.9
Stealth        | |  1.7

Action                     |  1- 3 |  4- 6 |  7- 9 || total
---------------------------+-------+-------+-------++-------
  Melee: Unarmed           |     4 |       |       ||     4
         Short sword       |    32 |    39 |    29 ||   100
         Tailslap          |     4 |     4 |    10 ||    18
         Dagger            |       |       |    12 ||    12
         Punch             |       |       |     1 ||     1
   Cast: Foxfire           |    44 |    58 |   119 ||   221
         Scorch            |     4 |    16 |    13 ||    33
         Searing Ray       |       |       |    42 ||    42
         Volatile Blastmot |       |       |     4 ||     4
         Flame Wave        |       |       |     1 ||     1
    Use: Scroll            |       |       |    13 ||    13
         Potion            |       |       |     1 ||     1
   Stab: Sleeping          |       |     2 |       ||     2
 Armour: Skin              |    15 |    12 |    27 ||    54
  Dodge: Dodged            |    34 |    39 |   109 ||   182
